Map: Abyssal Reef LE

Players

Zest - Winner!

  • Race: Protoss Protoss
  • League: Master
  • Spawn Location: 5:00

Scarlett

  • Race: Zerg Zerg
  • League: Diamond
  • Spawn Location: 11:00

Event: HomeStory Cup XVI

VOD

Have the link to the VOD?

Description

Time

  • Played on: Nov. 12, 2017, 10:52 a.m.
  • Length: 9:42

All games in this series

Show
View Real Time Build Order
Export as new Build Order

Zest Protoss - Winner!

Build Orders: 1 Gate Expand, Oracle Opening 

Get SALT Encoding   

  12  0:02  Probe (Chrono Boost)  
  14  0:14  Probe (Chrono Boost)  
  14  0:17  Pylon  
  14  0:26  Probe (Chrono Boost)  
  15  0:32  Probe (Chrono Boost)  
  15  0:40  Probe (Chrono Boost)  
  17  0:44  Gateway  
  17  0:50  Assimilator  
  18  0:58  Probe (Chrono Boost)  
  18  1:10  Probe (Chrono Boost)  
  19  1:22  Probe (Chrono Boost)  
  20  1:26  Nexus  
  20  1:36  Cybernetics Core  
  21  1:41  Probe (Chrono Boost)  
  21  1:45  Assimilator  
  21  1:53  Probe (Chrono Boost)  
  22  1:55  Pylon  
  22  2:03  Adept  
  22  2:05  Probe (Chrono Boost)  
  26  2:17  Probe (Chrono Boost)  
  26  2:19  Stargate  
  26  2:27  Warp Gate  
  26  2:29  Probe (Chrono Boost)  
  27  2:34  Probe (Chrono Boost)  
  27  2:36  Stalker  
  29  2:41  Probe (Chrono Boost)  
  29  2:42  Probe (Chrono Boost)  
  31  2:47  Probe (Chrono Boost)  
  32  2:54  Oracle, Probe (Chrono Boost)  
  32  2:57  Probe (Chrono Boost)  
  39  3:07  Probe (Chrono Boost)  
  39  3:09  Probe (Chrono Boost)  
  40  3:13  Pylon  
  40  3:19  Probe (Chrono Boost)  
  41  3:21  Probe (Chrono Boost)  
  41  3:24  Oracle  
  42  3:31  Shield Battery, Probe (Chrono Boost)  
  42  3:32  Shield Battery  
  42  3:34  Pylon  
  46  3:42  Gateway  
  46  3:43  Adept  
  48  3:50  Gateway  
  48  3:55  Shield Battery  
  48  3:59  Shield Battery, Pylon  
  37  4:40  Shield Battery  
  37  4:42  Stalker x2  
  36  4:49  Stalker  
  38  5:02  Probe x2 (Chrono Boost)  
  38  5:06  Adept  
  42  5:08  Probe x2 (Chrono Boost)  
  44  5:17  Sentry  
  44  5:18  Sentry  
  44  5:19  Probe x2 (Chrono Boost)  
  50  5:25  Probe (Chrono Boost)  
  50  5:27  Stalker  
  52  5:32  Probe (Chrono Boost)  
  52  5:33  Probe (Chrono Boost)  
  54  5:42  Probe (Chrono Boost)  
  56  5:44  Probe (Chrono Boost)  
  57  5:50  Probe (Chrono Boost)  
  57  5:52  Forge  
  57  5:54  Twilight Council  
  57  5:56  Probe (Chrono Boost)  
  59  6:02  Probe (Chrono Boost)  
  60  6:07  Pylon  
  60  6:10  Probe (Chrono Boost)  
  61  6:14  Probe (Chrono Boost)  
  61  6:15  Zealot, Sentry x2  
  68  6:19  Assimilator  
  68  6:21  Assimilator  
  69  6:27  Shield Battery  
  68  6:36  Protoss Ground Weapons Level 1  
  68  6:54  Nexus  
  68  6:56  Pylon  
  68  6:58  Probe x2 (Chrono Boost)  
  68  6:59  Pylon  
  70  7:01  Blink  
  70  7:06  Pylon  
  70  7:26  Shield Battery, Probe x2 (Chrono Boost)  
  72  7:30  Pylon  
  72  7:33  Robotics Facility  
  72  7:39  Pylon  
  72  7:40  Probe x2 (Chrono Boost), Sentry  
  72  7:41  Sentry  
  72  7:43  Sentry  
  81  7:52  Probe (Chrono Boost)  
  81  7:53  Probe (Chrono Boost)  
  81  7:55  Gateway  
  81  7:56  Gateway  
  81  7:58  Gateway  
  82  7:59  Gateway  
  82  8:01  Gateway  
  82  8:02  Gateway  
  82  8:03  Warp Prism  
  82  8:05  Sentry  
  84  8:15  Photon Cannon, Probe x3 (Chrono Boost)  
  87  8:23  Stalker x2  
  93  8:28  Pylon  
  93  8:30  Probe (Chrono Boost)  
  93  8:31  Probe (Chrono Boost)  
  95  8:36  Observer  
  96  9:04  Stalker x8  
  96  9:07  Stalker  
  110  9:33  Stalker  
  110  9:34  Stalker x4  
  110  9:36  Adept  
Show
View Real Time Build Order
Export as new Build Order

Scarlett Zerg 

Build Orders: Hatch First 

Get SALT Encoding   

  12  0:00  Drone  
  13  0:09  Drone  
  14  0:16  Overlord  
  14  0:24  Extractor, Drone  
  15  0:44  Hatchery  
  15  0:48  Drone  
  15  0:52  Drone  
  15  0:55  Drone  
  17  1:01  Drone  
  18  1:08  Extractor  
  17  1:17  Spawning Pool  
  16  1:21  Drone  
  16  1:23  Drone  
  18  1:32  Drone  
  19  1:42  Drone  
  20  2:02  Drone x2  
  20  2:03  Queen x2  
  26  2:09  Metabolic Boost  
  26  2:14  Overlord  
  26  2:17  Zergling x2  
  27  2:25  Drone  
  28  2:36  Drone  
  28  2:37  Drone x2  
  31  2:39  Drone  
  31  2:41  Queen  
  34  2:44  Zergling x2  
  34  2:48  Evolution Chamber  
  34  2:51  Pneumatized Carapace  
  34  2:56  Overlord  
  34  2:59  Zergling x2  
  34  3:01  Zergling x2  
  36  3:11  Overlord  
  36  3:16  Zergling x10  
  41  3:27  Zergling x2  
  42  3:37  Zergling x2  
  42  3:38  Zergling x6  
  46  3:49  Overlord  
  46  3:50  Zergling x10  
  51  3:56  Queen  
  51  4:01  Spore Crawler  
  42  4:10  Drone x2  
  42  4:11  Drone x2  
  37  4:22  Drone x2  
  34  4:25  Spore Crawler  
  28  4:49  Drone x4  
  28  4:50  Drone  
  33  5:07  Drone x3  
  33  5:10  Queen  
  33  5:11  Drone  
  39  5:15  Drone  
  40  5:23  Drone  
  40  5:27  Drone  
  42  5:42  Drone x5  
  46  5:46  Drone  
  46  5:55  Drone x2  
  48  6:00  Overlord  
  47  6:05  Drone  
  47  6:06  Hatchery  
  47  6:11  Drone x2  
  47  6:12  Drone  
  47  6:16  Drone  
  51  6:21  Overlord x2  
  51  6:23  Zergling x4  
  52  6:44  Drone x4  
  56  6:47  Zerg Melee Weapons Level 1  
  56  6:49  Lair  
  56  6:51  Extractor, Zergling x6  
  56  6:52  Extractor  
  57  7:03  Spine Crawler  
  57  7:06  Spine Crawler, Zergling x6  
  58  7:16  Zergling x2  
  58  7:17  Zergling x8  
  63  7:31  Drone  
  63  7:32  Drone x3  
  63  7:36  Drone  
  69  7:43  Drone  
  70  7:45  Extractor  
  70  7:48  Drone x3  
  70  7:49  Hydralisk Den, Drone x3  
  74  8:10  Overlord  
  74  8:13  Hatchery  
  74  8:16  Overseer  
  74  8:19  Drone x3  
  76  8:21  Overlord x4  
  76  8:22  Muscular Augments  
  76  8:24  Lurker Den  
  75  8:38  Drone x4  
  79  8:45  Drone  
  79  8:46  Drone  
  78  8:52  Hydralisk x5  
  88  8:58  Hydralisk  
  90  9:06  Hydralisk x2  
  94  9:15  Hydralisk x3  
  100  9:17  Zergling x6  
Tags
 
Add a new tag
Caveats
  • Supply blocks, unpowered buildings, or Contaminate may cause inaccurate times.
  • Supply counts are checked every 10 seconds.